 Dungeon Crawl Stone Soup version 0.27.0-1-g7a089689b8 (webtiles) character file.

Game seed: 12426315365303044190

2 SnakkuSnakku7 the Vexing (level 1, -1/16 HPs)
             Began as a Draconian Arcane Marksman on Aug 7, 2021.
             Slain by a frilled lizard (3 damage)
             ... on level 1 of the Dungeon.
             The game lasted 00:00:20 (227 turns).

SnakkuSnakku7 the Vexing (Draconian Arcane Marksman) Turns: 227, Time: 00:00:20

Health: -1/16      AC:  4    Str: 12    XL:     1   Next: 33%
Magic:  2/2        EV: 12    Int: 13    God:
Gold:   18         SH:  0    Dex: 11    Spells: 1/2 levels left

rFire    . . .     SeeInvis .   (no weapon)
rCold    . . .     Faith    .   (no shield)
rNeg     . . .     Spirit   .   (armour unavailable)
rPois    .         Reflect  .   (helmet restricted)
rElec    .         Harm     .   (no cloak)
rCorr    .         Rampage  .   (no gloves)
Will     .....                  (no boots)
Stlth    +.........             (no amulet)
HPRegen  0.05/turn              (no ring)
MPRegen  0.08/turn              (no ring)

@: no status effects
A: AC +4, unfitting armour, cold-blooded
a: no special abilities


You were on level 1 of the Dungeon.
You visited 1 branch of the dungeon, and saw 1 of its levels.

You collected 18 gold pieces.

Inventory:

Missiles
 b - 2 throwing nets (quivered)
Jewellery
 c - a ring of protection from fire
Potions
 d - a potion of mutation {unknown}


   Skills:
 - Level 1.1 Fighting
 + Level 2.0 Throwing
 - Level 1.7 Dodging
 - Level 1.0 Spellcasting
 - Level 2.6 Hexes


You had one spell level left.
You knew the following spells:

 Your Spells              Type           Power      Damage    Failure   Level
a - Corona                Hex            7%         N/A       10%         1

Your spell library contained the following spells:

 Spells                   Type           Power      Damage    Failure   Level
 Slow                     Hex            7%         N/A       14%         2
 Inner Flame              Hex/Fire       4%         N/A       43%         3
 Portal Projectile        Hex/Tloc       8%         N/A       43%         3
 Cause Fear               Hex            3%         N/A       67%         4


Dungeon Overview and Level Annotations

Branches:
Dungeon (1/15)

Altars:
Xom


Innate Abilities, Weirdness & Mutations

Your plain brown scales are hard. (AC +4)
You cannot fit into any form of body armour.
You are cold-blooded and may be slowed by cold attacks.


Message History

Press: ? - help, Q - select action, (/) - cycle Shift-Dir - straight line, f/p - quokka
Aim: a quokka (moderately wounded, 41% to hit)
You throw a javelin. The javelin misses the quokka.
The javelin barely misses the frilled lizard.
The quokka bites you.
* * * LOW HITPOINT WARNING * * *
The quokka bites you.
* * * LOW HITPOINT WARNING * * *
Unknown command.
Throw: 3 javelins
Press: ? - help, Q - select action, (/) - cycle Shift-Dir - straight line, f/p - quokka
Aim: a quokka (moderately wounded, 41% to hit)
You throw a javelin.
The javelin completely misses the quokka.
The javelin misses the frilled lizard.
The quokka barely misses you.
The quokka bites you but does no damage.
Throw: 2 javelins
Press: ? - help, Q - select action, (/) - cycle Shift-Dir - straight line, f/p - quokka
Aim: a quokka (moderately wounded, 41% to hit)
You throw a javelin. The javelin pierces through the quokka.
The quokka is heavily wounded.
The javelin closely misses the frilled lizard.
The quokka barely misses you.
Unknown command.
Throw: javelin
Press: ? - help, Q - select action, (/) - cycle Shift-Dir - straight line, f/p - quokka
Aim: a quokka (heavily wounded, 41% to hit)
You throw a javelin. The javelin pierces through the quokka.
You kill the quokka!
The javelin completely misses the frilled lizard.
The frilled lizard misses you.
Your Throwing skill increases to level 2!
Unknown command.
You miss the frilled lizard.
The frilled lizard bites you but does no damage.
You closely miss the frilled lizard.
Your tail-slap misses the frilled lizard.
The frilled lizard bites you.
You die...

.............
#....(....#
#.......#
#.....# #...#
#'# #.# #l#
##@## ##...####
#.......#
##...##.#
.######.###.####
.........>......
#######.###.####
### #.# PP##
#.###.#


You could see a frilled lizard.

Vanquished Creatures
  A ball python (D:1)
  A quokka (D:1)
2 creatures vanquished.

Notes
Turn   | Place    | Note
-------+----------+-------------------------------------------
     0 | D:1      | SnakkuSnakku7 the Draconian Arcane Marksman began the quest
                  | for the Orb.
     0 | D:1      | Reached XP level 1. HP: 16/16 MP: 2/2
    74 | D:1      | Found a faded altar of an unknown god.
   113 | D:1      | Became a worshipper of Xom of Chaos
   114 | D:1      | Fell from the grace of Xom
   227 | D:1      | Slain by a frilled lizard

Illustrated notes

Levels and vault maps discovered:
D:1:      psy_arrival_terrarium, layout_loops_corners,
          shapermc_ecumenical_altar_notcrosses, minmay_strange_pillars,
          hangedman_decor_opposing

Skill      XL: |  1 |
---------------+----+-----
Throwing       | 2 |  2.0
Fighting       | |  1.1
Dodging        | |  1.7
Spellcasting   | |  1.0
Hexes          | |  2.6

Action                   || total
-------------------------++-------
Melee: Unarmed           ||    13
       Tailslap          ||     1
Throw: Javelin           ||     5
Invok: Renounce Religion ||     1
Armor: Skin              ||     8
Dodge: Dodged            ||    10
